 Dungeon Crawl Stone Soup version 0.28-a0-1199-gef9e1dbd39 (webtiles) character file.

Game seed: 2037879452032156171

149 blank1 the Shield-Bearer (level 5, 0/33 HPs)
             Began as a Gargoyle Fighter on Dec 20, 2021.
             Slain by a gnoll shaman (2 damage)
             ... on level 4 of the Dungeon.
             The game lasted 00:05:05 (3673 turns).

blank1 the Shield-Bearer (Gargoyle Fighter)         Turns: 3673, Time: 00:05:05

Health: 0/33       AC: 12    Str: 21    XL:     5   Next: 31%
Magic:  5/5        EV: 10    Int:  9    God:
Gold:   139        SH:  4    Dex:  9    Spells: 4/4 levels left

rFire   . . .      SeeInvis .   a - +1 flail
rCold   . . .      Faith    .   c - +0 buckler
rNeg    + . .      Spirit   .   b - +0 scale mail
rPois   ∞          Reflect  .   q - +0 helmet
rElec   +          Harm     .   (no cloak)
rCorr   .          Rampage  .   (no gloves)
Will    .....                   (no boots)
Stlth   ..........              j - amulet of the acrobat
HPRegen 0.11/turn               (no ring)
MPRegen 0.09/turn               (no ring)

@: lit by a corona, glowing
A: sickness immunity, AC +4, negative energy resistance 1, electricity
resistance, torment resistance 1, petrification resistance
a: no special abilities


You were on level 4 of the Dungeon.
You visited 1 branch of the dungeon, and saw 4 of its levels.

You collected 139 gold pieces.

Inventory:

Hand Weapons
 a - a +1 flail (weapon)
Armour
 b - a +0 scale mail (worn)
 c - a +0 buckler (worn)
 q - a +0 helmet (worn)
Jewellery
 j - an amulet of the acrobat (around neck)
Wands
 i - a wand of acid (1)
Scrolls
 g - a scroll of teleportation
 k - a scroll of fear {unknown}
 m - a scroll of immolation {unknown}
 o - a scroll of summoning {unknown}
 p - a scroll of magic mapping {unknown}
Potions
 d - 2 potions of might
 e - a potion of mutation
 f - a potion of attraction {unknown}
 h - a potion of brilliance
 l - a potion of invisibility
 n - a potion of haste {unknown}


   Skills:
 - Level 4.0 Fighting
 + Level 3.1 Maces & Flails
 - Level 4.0 Armour
 + Level 1.7 Dodging
 - Level 4.0 Shields


You had 4 spell levels left.
You didn't know any spells.
Your spell library was empty.

Dungeon Overview and Level Annotations

Branches:
Dungeon (4/15)
 Temple: D:4-7

Altars:

Annotations:
D:3 2 runed translucent doors, ytrimaz's ghost, amateur OpTm


Innate Abilities, Weirdness & Mutations

You are immune to sickness and miasma.
Your stone body is resilient. (AC +4)
You are immune to poison.
You resist negative energy. (rN+)
You are resistant to electric shocks. (rElec)
You are resistant to unholy torment.
You are immune to petrification.


Message History

The gnoll shaman is moderately wounded.
The gnoll shaman hits you but does no damage.
The gnoll shaman closely misses you.
You hit the gnoll shaman.
The gnoll shaman is severely wounded.
Something hits you.
The gnoll shaman hits you but does no damage.
You hit the gnoll shaman.
The gnoll shaman is almost dead.
Something hits you.
The gnoll shaman hits you but does no damage.
Something hits you but does no damage.
You are too injured to fight recklessly!
You are too injured to fight recklessly!
You are too injured to fight recklessly!
You are too injured to fight recklessly!
You closely miss the gnoll shaman.
The gnoll shaman is almost dead.
The gnoll shaman hits you but does no damage.
Something hits you but does no damage.
You closely miss the gnoll shaman.
The gnoll shaman is almost dead.
The gnoll shaman barely misses you. Something hits you!
* * * LOW HITPOINT WARNING * * *
You block the gnoll shaman's attack.
You barely miss the gnoll shaman.
The gnoll shaman is almost dead.
Something hits you.
* * * LOW HITPOINT WARNING * * *
The gnoll shaman hits you with a +0 whip.
* * * LOW HITPOINT WARNING * * *
You barely miss the gnoll shaman.
The gnoll shaman is almost dead.
Something hits you but does no damage.
The gnoll shaman hits you but does no damage.
Something hits you but does no damage.
Your scale mail prevents you from hitting the gnoll shaman.
The gnoll shaman is almost dead.
The gnoll shaman hits you with a +0 whip.
You die...

#....##...##...
#....###### ..
#....# .# .
#....# ..#
#....# ..+
####'# ...#
#....##...##.
#....#{......
#....@g......
#..####.#####
#+# #


You could see a gnoll shaman.

Vanquished Creatures
  Robin (D:2)
  2 gnolls (D:4)
  4 adders
  2 dart slugs
  An orc (D:3)
  6 ball pythons
  7 endoplasms
  4 giant cockroaches
  14 goblins
  9 hobgoblins
  3 quokkas
  5 bats
  3 frilled lizards
  6 kobolds
  3 rats
70 creatures vanquished.

Notes
Turn   | Place    | Note
-------+----------+-------------------------------------------
     0 | D:1      | blank1 the Gargoyle Fighter began the quest for the Orb.
     0 | D:1      | Reached XP level 1. HP: 14/14 MP: 1/1
   122 | D:1      | Reached XP level 2. HP: 12/19 MP: 2/2
   880 | D:1      | Reached XP level 3. HP: 17/23 MP: 3/3
  1330 | D:1      | Found a faded altar of an unknown god.
  1728 | D:2      | Reached skill level 1 in Dodging
  1879 | D:2      | Reached XP level 4. HP: 15/29 MP: 4/4
  2048 | D:2      | Noticed Robin
  2120 | D:2      | Killed Robin
  2863 | D:3      | Reached XP level 5. HP: 32/33 MP: 5/5
  2922 | D:3      | Found a runed translucent door.
  2944 | D:3      | Noticed ytrimaz's ghost (amateur OpTm)
  3456 | D:3      | Found a runed translucent door.
  3673 | D:4      | Slain by a gnoll shaman

Illustrated notes

Levels and vault maps discovered:
D:1:      minmay_arrival_up_and_down, layout_loops_corners,
          hellmonk_ecumenical_altar_prayer_group, minmay_vboxes
D:2:      layout_loops_ring, uniq_robin
D:3:      layout_basic, ebering_ghost_sewer_f
D:4:      layout_gridville, mainiacjoe_overflow_six_doors_small

Skill      XL: |  1  2  3  4  5 |
---------------+----------------+-----
Dodging        | 1 |  1.7
Shields        | 4 |  4.0
Fighting       | 4 |  4.0
Armour         | 4 |  4.0
Maces & Flails | 3 |  3.1

Action                   |  1- 3 |  4- 6 || total
-------------------------+-------+-------++-------
Melee: Flail             |   149 |   129 ||   278
  Use: Scroll            |       |     8 ||     8
Armor: Scale mail        |    91 |    62 ||   153
Dodge: Dodged            |    83 |    56 ||   139
Block: Buckler           |    32 |    38 ||    70

Table legend: (Time is in decaauts)
 A = Elapsed time spent in this place.
 B = Non-inter-level travel time spent in this place.
 C = Inter-level travel time spent in this place.
 D = Time resting spent in this place.
 E = Time spent auto-exploring this place.
 F = Levels seen in this place.
 G = Mean time per level.
                   A        B        C        D        E       F      G
               +--------+--------+--------+--------+--------+-----+--------+
         Total |   3750 |   3659 |     91 |    425 |   2476 |   4 |  937.5 |
       Dungeon |   3750 |   3659 |     91 |    425 |   2476 |   4 |  937.5 |
               +--------+--------+--------+--------+--------+-----+--------+

Top non-repeatable levels by time:
     D:1: 1599 daAuts
     D:2: 1127 daAuts
     D:3: 963 daAuts
     D:4: 60 daAuts
